 Dungeon Crawl Stone Soup version 0.19.0-19-g8c6edcc (webtiles) character file.

128 glitchdot the Bolt Thrower (level 5, -4/30 HPs)
             Began as a Kobold Arcane Marksman on Nov 15, 2016.
             Was an Initiate of Makhleb.
             Slain by a scorpion (8 damage)
             ... on level 5 of the Dungeon.
             The game lasted 00:14:20 (1885 turns).

glitchdot the Bolt Thrower (Kobold Arcane Marksman) Turns: 1885, Time: 00:14:21

Health: -4/30      AC:  2    Str:  8    XL:     5   Next: 34%
Magic:  5/7        EV: 15    Int: 15    God:    Makhleb [......]
Gold:   135        SH:  0    Dex: 15    Spells: 3 memorised, 0 levels left

rFire  . . .     SeeInvis +     a - +0 hand crossbow
rCold  . . .     Gourm    .     e - +0 robe
rNeg   . . .     Faith    .     (shield restricted)
rPois  .         Spirit   .     (no helmet)
rElec  .         Reflect  .     (no cloak)
rCorr  .         Harm     .     (no gloves)
MR     .....                    (no boots)
Stlth  +.........               (no amulet)
                                b - ring of wizardry
                                j - ring of see invisible

@: no status effects
A: carnivore 3
a: Renounce Religion


You were on level 5 of the Dungeon.
You worshipped Makhleb.
Makhleb was noncommittal.
You were not hungry.

You visited 1 branch of the dungeon, and saw 5 of its levels.

You collected 135 gold pieces.

Inventory:

Hand Weapons
 a - a +0 hand crossbow (weapon)
 h - a +1 whip of venom
Missiles
 d - 10 bolts (quivered)
Armour
 e - a +0 robe (worn)
Jewellery
 b - a ring of wizardry (right hand)
 j - a ring of see invisible (left hand)
 o - a +2 ring of intelligence {unknown}
Wands
 m - a wand of slowing (12/48)
 q - a wand of digging (12/24)
Scrolls
 g - a scroll of enchant armour {unknown}
 i - a scroll of magic mapping
 k - a scroll of recharging
Potions
 p - a potion of ambrosia
Books
 c - a book of Debilitation

   Spells                             Type                      Level
   a - Corona                         Hexes                        1
   b - Slow                           Hexes                        2
   c - Gell's Gravitas                Hexes/Translocation          3
   d - Inner Flame                    Hexes/Fire                   3
   e - Cause Fear                     Hexes                        4
   f - Leda's Liquefaction            Hexes/Earth                  4
Comestibles
 f - a beef jerky
 l - 3 meat rations
 n - a royal jelly


   Skills:
 + Level 2.0 Fighting
 + Level 5.0 Crossbows
 + Level 2.9 Dodging
 + Level 1.4 Spellcasting
 + Level 3.4 Hexes
 + Level 0.2 Fire Magic


You couldn't memorise any spells.
You knew the following spells:

 Your Spells              Type           Power        Failure   Level  Hunger
a - Corona                Hex            ##.....      3%          1    ##.....
b - Inner Flame           Hex/Fire       #.......     14%         3    ####...
c - Slow                  Hex            ##......     4%          2    ###....


Dungeon Overview and Level Annotations

Branches:
Dungeon (5/15)
 Temple: D:4-7

Altars:
Makhleb

Annotations:
D:3 Ijyb
D:4 WhatIsLove's ghost, amateur DsMo


Innate Abilities, Weirdness & Mutations

You are small and have problems with some larger weapons.
You are carnivorous and can eat meat at any time.


Message History

The hound barely misses you. The scorpion stings you.
Firing (i - inventory):
d - 10 bolts (quivered)
Press: ? - help, Shift-Dir - straight line, f - hound
Aim: a hound
Okay, then.
Casting: Slow
Confirm with . or Enter, or press ? or * to list all spells.
Aiming: Slow
Press: ? - help, Shift-Dir - straight line, f - scorpion
Aim: a scorpion (chance to defeat MR: 47%)
The scorpion resists with some effort.
The hound misses you. The scorpion stings you!
* * * LOW HITPOINT WARNING * * *
The hound bites you.
* * * LOW HITPOINT WARNING * * *
The hound completely misses you. The hound bites you.
* * * LOW HITPOINT WARNING * * *
The scorpion stings you!
You die...

# #########.#
#...#.(...##
####...#......#
#......@.)....#
#.....sh.###..#
#........#
#........#
#.)......#
#.<......#
#........#
#........#
#........#


You could see a scorpion and a hound.

Vanquished Creatures
  Terence (D:3)
  3 adders
  2 worms
  2 dart slugs
  2 leopard geckos (D:3)
  A ball python (D:5)
  10 bats
  5 giant cockroaches
  9 goblins
  5 hobgoblins
  3 jackals (D:2)
  A quokka (D:3)
  6 frilled lizards
  5 kobolds
  10 rats
65 creatures vanquished.

Notes
Turn   | Place    | Note
-------+----------+-------------------------------------------
     0 | D:1      | glitchdot the Kobold Arcane Marksman began the quest for the Orb.
     0 | D:1      | Reached XP level 1. HP: 12/12 MP: 2/2
    85 | D:1      | Reached XP level 2. HP: 16/16 MP: 3/3
   275 | D:1      | Reached skill level 3 in Crossbows
   287 | D:1      | Reached XP level 3. HP: 20/20 MP: 4/4
   292 | D:1      | Learned a level 3 spell: Inner Flame
   788 | D:2      | Reached XP level 4. HP: 26/26 MP: 1/5
  1123 | D:2      | Reached skill level 4 in Crossbows
  1559 | D:3      | Found a burning altar of Makhleb.
  1559 | D:3      | Noticed an Executioner
  1564 | D:3      | Noticed a ynoxinul
  1564 | D:3      | Noticed a ynoxinul
  1566 | D:3      | Became a worshipper of Makhleb the Destroyer
  1688 | D:3      | Noticed Terence
  1727 | D:2      | Reached XP level 5. HP: 25/30 MP: 7/7
  1751 | D:2      | Learned a level 2 spell: Slow
  1785 | D:3      | Killed Terence
  1840 | D:3      | Noticed Ijyb
  1865 | D:4      | Noticed WhatIsLove's ghost (amateur DsMo)
  1877 | D:5      | Entered Level 5 of the Dungeon
  1879 | D:5      | Reached skill level 5 in Crossbows
  1885 | D:5      | Slain by a scorpion

Skill      XL: |  1  2  3  4  5 |
---------------+----------------+-----
Crossbows      | 3 4 5 |  5.0
Fighting       | 2 |  2.0
Dodging        | |  2.9
Spellcasting   | |  1.4
Hexes          | |  3.4
Fire Magic     | |  0.2

Action                   |  1- 3 |  4- 6 || total
-------------------------+-------+-------++-------
 Fire: Hand crossbow     |    74 |    85 ||   159
 Cast: Corona            |     5 |     4 ||     9
       Slow              |       |     3 ||     3
Evoke: Wand              |       |     1 ||     1
  Use: Scroll            |     3 |     4 ||     7
       Potion            |     3 |     4 ||     7
  Eat: Meat ration       |       |     1 ||     1
Armor: Robe              |     8 |     7 ||    15
Dodge: Dodged            |    50 |    85 ||   135
